 Dungeon Crawl Stone Soup version 0.21-a0-364-gbd1fde4 (webtiles) character file.

165694 Dfrag the Eclecticist (level 17, -13/116 HPs)
             Began as a Demonspawn Fire Elementalist on Oct 14, 2017.
             Was the Champion of Vehumet.
             Killed from afar by grandjackal's ghost (60 damage)
             ... with a stone arrow
             ... on level 4 of the Swamp.
             The game lasted 01:12:36 (24406 turns).

Dfrag the Eclecticist (DsFE)                       Turns: 24406, Time: 01:12:37

Health: -13/116    AC: 21    Str:  9    XL:     17   Next: 28%
Magic:  0/36       EV: 12    Int: 21    God:    Vehumet [******]
Gold:   1358       SH:  6    Dex: 16    Spells: 9/46 levels left

rFire    + + +     SeeInvis .   W - staff of fire
rCold    . . .     Gourm    .   a - +0 buckler {rC+ rF+}
rNeg     + . .     Faith    .   k - +2 robe {rC+ rF+}
rPois    +         Spirit   +   G - +2 hat
rElec    .         Reflect  .   (no cloak)
rCorr    .         Harm     .   (gloves unavailable)
MR       +....     Clarity  +   N - +2 pair of boots of the Assassin {Detection Stab+ Stlth++}
Stlth    ++++......             (no amulet)
HPRegen  0.69/turn              I - ring of fire
MPRegen  0.50/turn              g - ring of fire

@: sanguine armour
A: claws 3, hooves 1, clarity, negative energy resistance 1, poison resistance,
powered by pain 1, regeneration 1, screaming 1, wild magic 1, magic shield,
magic regeneration, MP-powered wands, sanguine armour 3
a: Renounce Religion


You were on level 4 of the Swamp.
You worshipped Vehumet.
Vehumet was exalted by your worship.
You were not hungry.

You visited 5 branches of the dungeon, and saw 25 of its levels.
You also visited: Labyrinth, Ice Cave and Volcano.

You collected 3478 gold pieces.
You spent 2120 gold pieces at shops.

Inventory:

Hand Weapons
 K - the +10 morningstar "Killer Klown's Foe" {crush, MR+}
   (You found it in a labyrinth)

   It inflicts extra damage upon your enemies.
   It affects your resistance to hostile enchantments.
Armour
 a - a +0 buckler of resistance (worn)
 k - a +2 robe of resistance (worn)
 G - a +2 hat (worn)
 N - the +2 pair of boots of the Assassin (worn) {Detection Stab+ Stlth++}
   (You bought it in a shop on level 2 of the Orcish Mines)

   It makes you much more stealthy.
Magical Staves
 W - an uncursed staff of fire (weapon)
Jewellery
 g - a ring of fire (right claw)
 i - an uncursed ring of stealth
 E - an uncursed ring of protection from cold
 I - a ring of fire (left claw)
 U - a +4 amulet of reflection {unknown}
Wands
 B - a wand of digging (8/24)
 F - a wand of iceblast (6/15)
 R - a wand of iceblast (11/15)
 V - a wand of acid (9/15)
Scrolls
 d - 2 scrolls of identify
 e - a scroll of summoning
 h - 14 scrolls of remove curse
 j - a scroll of magic mapping
 p - 3 scrolls of enchant weapon
 v - 13 scrolls of teleportation
 w - 3 scrolls of fear
 y - 6 scrolls of blinking
 C - a scroll of brand weapon {unknown}
 J - 4 scrolls of recharging
 P - 7 scrolls of amnesia
 T - 5 scrolls of fog
 X - a scroll of enchant armour
Potions
 l - 4 potions of agility
 m - 6 potions of haste
 n - 3 potions of resistance
 o - 5 potions of brilliance
 q - 9 potions of flight
 r - 2 potions of magic {unknown}
 u - 5 potions of mutation {unknown}
 x - a potion of ambrosia
 z - 4 potions of heal wounds
 D - 4 potions of might
 H - 3 potions of lignification {unknown}
 L - 2 potions of invisibility
 M - 6 potions of curing
 O - 3 potions of berserk rage
 Q - 2 potions of cancellation
Books
 b - a book of Conjurations

   Spells                             Type                      Level
   a - Magic Dart                     Conjuration                  1
   b - Searing Ray                    Conjuration                  2
   c - Dazzling Spray                 Conjuration/Hexes            3
   d - Fulminant Prism                Conjuration/Hexes            4
   e - Force Lance                    Conjuration/Translocation    4
   f - Iskenderun's Mystic Blast      Conjuration                  4
 A - Suaseg's Collected Works on Attacks
   (You found it in a labyrinth)

   Spells                             Type                      Level
   a - Flame Tongue                   Conjuration/Fire             1
   b - Static Discharge               Conjuration/Air              3
   c - Fulminant Prism                Conjuration/Hexes            4
   d - Freezing Cloud                 Conjuration/Ice/Air          6
   e - Bolt of Fire                   Conjuration/Fire             6
 Z - the Compendium of Heat and Companions
   (You found it in a labyrinth)

   Spells                             Type                      Level
   a - Flame Tongue                   Conjuration/Fire             1
   b - Ignite Poison                  Fire/Transmutation/Poison    3
   c - Ring of Flames                 Charms/Fire                  7
   d - Dragon's Call                  Summoning                    9
Comestibles
 c - 14 bread rations
 f - 13 meat rations
 s - 9 royal jellies
 t - 10 fruits


   Skills:
 + Level 5.6 Fighting
 - Level 1.7 Dodging
 - Level 1.7 Stealth
 - Level 5.8 Shields
 - Level 15.4 Spellcasting
 + Level 14.3 Conjurations
 - Level 14.0 Fire Magic
 - Level 10.5 Ice Magic


You had 9 spell levels left.
You knew the following spells:

 Your Spells              Type           Power        Failure   Level  Hunger
a - Flame Tongue          Conj/Fire      #####        1%          1    None
b - Conjure Flame         Conj/Fire      ########     1%          3    None
c - Sticky Flame          Conj/Fire      ########     1%          4    None
d - Fireball              Conj/Fire      ########..   1%          5    ###....
e - Searing Ray           Conj           ######       1%          2    None
f - Bolt of Fire          Conj/Fire      ########..   1%          6    #####..
g - Iskenderun's Mystic   Conj           #######.     1%          4    None
h - Bolt of Cold          Conj/Ice       ######....   1%          6    #####..
i - Poison Arrow          Conj/Pois      ######....   11%         6    #####..


Dungeon Overview and Level Annotations

Branches:
Dungeon (12/15)            Temple (1/1) D:4            Lair (6/6) D:11
  Swamp (4/4) Lair:4        Snake (0/4) Lair:2        Slime (0/5) Lair:6
    Orc (2/2) D:10            Elf (0/3) Orc:2

Altars:
Ashenzari
Cheibriados
Dithmenos
Elyvilon
Fedhas
Gozag
Hepliaklqana
Kikubaaqudgha
Makhleb
Nemelex Xobeh
Okawaru
Qazlal
Ru
Sif Muna
Trog
Uskayaw
Vehumet
Wu Jian
Xom
Yredelemnul
Zin
Beogh
Jiyva

Shops:
D:5 :?[!   D:8 *   Orc:2 [(*(

Annotations:
Swamp:4 grandjackal's ghost, adept DsGl


Innate Abilities, Weirdness & Mutations

You have claws for hands.
You resist negative energy. (rN+)
You sometimes gain a little power by taking damage.
When hurt, damage is shared between your health and your magic reserves.
You regenerate magic rapidly.
When seriously injured, your bleeding wounds create very thick armour. (AC +12)
You have large cloven feet.
You possess an exceptional clarity of mind.
Your system is resistant to poisons. (rPois)
Your natural rate of healing is unusually fast.
You occasionally shout uncontrollably at your foes.
Your spells are a little harder to cast, but a little more powerful.
You expend magic power (3 MP) to strengthen your wands.


Message History

You feel a huge surge of power!
The bolt of fire misses grandjackal's ghost.
The tree smoulders and burns.
Grandjackal's ghost points at you and mumbles some strange words.
The stone arrow hits you!
Your blood congeals into armour.
Unknown command.
Casting: Bolt of Fire
Confirm with . or Enter, or press ? or * to list all spells.
Aiming: Bolt of Fire
Press: ? - help, Shift-Dir - straight line, f/p - grandjackal's ghost
Aim: grandjackal's ghost (moderately damaged)
You feel a huge surge of power!
The bolt of fire misses grandjackal's ghost.
The tree smoulders and burns.
The shadow strikes at you from the darkness!
Reactivating autopickup.
Grandjackal's ghost casts a spell at you.
The stone arrow hits you!
Ouch! That really hurt!
You die...

≈♣♣♣♣.≈≈≈.§§≈.§.≈≈
§≈≈.).≈.≈≈≈..≈≈.§D§y<.≈≈
.≈§)≈≈≈≈≈≈≈..†≈.≈§≈W≈≈≈≈
♣≈≈≈≈≈§.≈≈≈≈..≈§≈≈≈≈≈≈≈
♣≈≈).♣≈÷.≈≈....≈≈§≈≈≈≈
♣≈..§≈≈÷.≈..†.≈≈≈≈≈§≈
♣≈≈.≈÷≈†≈†≈.≈≈...≈.≈.
♣≈^........≈♣♣♣≈≈≈.≈≈
♣≈≈@W†≈†..♣♣ ♣.≈.≈≈.
♣♣♣♣W..≈≈≈♣ ♣♣...≈≈♣
♣§≈§≈≈≈♣ ♣.≈≈.♣♣♣
♣♣..≈§♣ ♣♣♣♣♣§♣ ♣§


You could see a shadow and grandjackal's ghost.

Vanquished Creatures
  Gastronok (D:10)
  A thorn hunter (Swamp:3)
  A frost giant (IceCv)
  The ghost of blexxed the Martial Artist, a journeyman GnTm of Ashenzari (Orc:2)
  2 orc warlords
  A very ugly thing (Swamp:3)
  A fire dragon (Lair:6)
  A minotaur (Lab)
  The ghost of TwoGrow the Cleaver, a journeyman HOGl of Beogh (D:11)
  16 hydras
  4 ghost crabs
  Erica (D:11)
  2 two-headed ogres (D:8)
  6 death yaks
  4 alligators
  A tengu warrior (D:10)
  2 orc high priests (Orc:2)
  2 skeletal warriors (Volcano)
  4 swamp dragons
  An orc knight (Orc:2)
  7 shambling mangroves
  Pikel (D:7)
  5 orc sorcerers (Orc:2)
  An ugly thing (D:11)
  5 oklob plants
  8 black mambas
  An ice statue (IceCv)
  7 elephants
  5 gargoyles (Volcano)
  30 spiny frogs
  12 rime drakes
  3 komodo dragons
  3 trolls
  17 hornets
  A harpy skeleton (Volcano)
  21 polar bears
  24 slime creatures
  31 blink frogs
  Grinder (D:6)
  Prince Ribbit (D:6)
  2 bog bodies
  9 tyrant leeches
  8 hippogriffs
  3 alligator skeletons (Volcano)
  Sigmund (D:4)
  3 flying skulls (Volcano)
  9 spriggans
  A wyvern (Lair:4)
  3 basilisks
  Grum (D:11)
  5 shadows
  52 yaks
  Eustachio (D:5)
  4 hungry ghosts
  10 steam dragons (Lair:6)
  31 vampire mosquitoes
  7 insubstantial wisps
  3 wargs (Orc:2)
  14 swamp worms
  Duvessa (D:7)
  14 water moccasins
  7 sky beasts
  6 swamp drakes
  3 ice beasts
  8 porcupines
  27 orc warriors
  2 black bears
  2 necrophages (D:12)
  7 ogres
  30 wolves
  A phantom (D:8)
  6 centaurs
  16 crocodiles
  22 bullfrogs
  2 big kobolds
  2 gnoll sergeants
  A wyvern skeleton (D:6)
  Dowan (D:7)
  A scorpion (D:5)
  13 killer bees
  A spriggan skeleton (Volcano)
  2 troll skeletons (Volcano)
  3 wights (D:9)
  3 electric eels
  5 howler monkeys
  9 crimson imps
  2 bullfrog zombies
  4 hounds
  A jelly (D:10)
  19 orc priests
  2 bullfrog skeletons
  2 centaur skeletons
  Jessica (D:3)
  An iguana (D:11)
  26 orc wizards
  6 worker ants
  A naga skeleton (Volcano)
  A worker ant zombie (D:9)
  16 gnolls
  14 adders
  A shadow imp (D:12)
  2 adder zombies (D:8)
  2 worms
  3 dart slugs
  8 leopard geckos
  115 orcs
  2 ball pythons
  6 giant cockroaches
  2 goblins
  7 hobgoblins
  11 jackals
  4 quokkas
  4 bats
  13 frilled lizards
  A jackal zombie (D:7)
  15 kobolds
  A quokka skeleton (D:2)
  2 quokka zombies (D:6)
  4 rats
  3 fungi
  12 plants
913 creatures vanquished.

Vanquished Creatures (others)
  3 death yaks (Lair:6)
  2 anaconda skeletons (Volcano)
  A tyrant leech (Swamp:1)
  An alligator skeleton (Volcano)
  A swamp worm (Swamp:4)
  4 slaves (D:7)
  An orc wizard (D:7)
  2 orcs (D:7)
  22 fungi
  37 plants
74 creatures vanquished.

Grand Total: 987 creatures vanquished

Notes
Turn   | Place    | Note
-------+----------+-------------------------------------------
     0 | D:1      | Dfrag the Demonspawn Fire Elementalist began the quest for the Orb.
     0 | D:1      | Reached XP level 1. HP: 13/13 MP: 3/3
   487 | D:1      | You fall through a shaft!
   532 | D:2      | Gained mutation: When hurt, damage is shared between your health and your magic reserves. [demonic ancestry]
   532 | D:2      | Reached XP level 2. HP: 19/19 MP: 5/5
   585 | D:2      | Found a burning altar of Makhleb.
   967 | D:2      | Reached XP level 3. HP: 24/24 MP: 6/6
  1121 | D:2      | Found a glowing silver altar of Zin.
  1246 | D:3      | Noticed Jessica
  1255 | D:3      | Killed Jessica
  1255 | D:3      | Reached skill level 3 in Spellcasting
  1255 | D:3      | Reached XP level 4. HP: 28/30 MP: 1/8
  1267 | D:3      | Found a snail-covered altar of Cheibriados.
  1391 | D:3      | Found a hazy altar of Hepliaklqana.
  1451 | D:3      | Found a shattered altar of Ashenzari.
  1531 | D:3      | Gained mutation: When seriously injured, your bleeding wounds create armour. (AC +12) [demonic ancestry]
  1531 | D:3      | Reached XP level 5. HP: 22/35 MP: 1/9
  1536 | D:3      | Learned a level 3 spell: Conjure Flame
  1541 | D:3      | Learned a level 4 spell: Sticky Flame
  1870 | D:4      | Gained mutation: When seriously injured, your bleeding wounds create thick armour. (AC +12) [demonic ancestry]
  1870 | D:4      | Reached XP level 6. HP: 41/41 MP: 7/11
  1970 | D:4      | Found a staircase to the Ecumenical Temple.
  1979 | Temple   | Entered the Ecumenical Temple
  2000 | Temple   | Became a worshipper of Vehumet
  2144 | D:4      | Found a sacrificial altar of Ru.
  2273 | D:4      | Noticed Sigmund
  2281 | D:4      | Killed Sigmund
  2281 | D:4      | Reached skill level 4 in Spellcasting
  2456 | D:4      | Noticed a sky beast
  2612 | D:4      | Found a stormy altar of Qazlal.
  2805 | D:5      | Entered Level 5 of the Dungeon
  2826 | D:5      | Gained mutation: You regenerate magic rapidly. [demonic ancestry]
  2826 | D:5      | Reached XP level 7. HP: 46/46 MP: 10/13
  2851 | D:5      | Found Malleac's Distillery.
  2855 | D:5      | Bought a potion of degeneration for 14 gold pieces
  2876 | D:5      | Found Aluicant's Magic Scroll Shop.
  2893 | D:5      | Bought a scroll of blinking for 97 gold pieces
  2893 | D:5      | Bought a scroll of identify for 26 gold pieces
  2893 | D:5      | Bought a scroll of identify for 26 gold pieces
  2894 | D:5      | Found a blossoming altar of Fedhas.
  2951 | D:5      | Noticed Eustachio
  2960 | D:5      | Killed Eustachio
  2960 | D:5      | Reached skill level 5 in Fire Magic
  3016 | D:5      | Found Alenuynt's Book Shop.
  3218 | D:5      | Found Tukezipn's Armour Shoppe.
  3337 | D:5      | Reached skill level 5 in Spellcasting
  3552 | D:5      | Reached * piety under Vehumet
  3552 | D:5      | Offered knowledge of Sandblast by Vehumet.
  3552 | D:5      | Reached skill level 5 in Conjurations
  3648 | D:6      | Reached XP level 8. HP: 38/52 MP: 7/15
  3652 | D:6      | Gained mutation: You possess an exceptional clarity of mind. [mutagenic meat]
  3653 | D:6      | Gained mutation: Your system is resistant to poisons. (rPois) [mutagenic meat]
  3654 | D:6      | Gained mutation: You have large cloven feet. [mutagenic meat]
  3655 | D:6      | Gained mutation: You are frail. (-10% HP) [mutagenic meat]
  3657 | D:6      | Gained mutation: You are weak. (Str -2) [mutagenic meat]
  3792 | D:6      | Noticed Prince Ribbit
  3798 | D:6      | Noticed Grinder
  3912 | D:6      | Learned a level 5 spell: Fireball
  4171 | D:6      | Reached skill level 6 in Spellcasting
  4354 | D:6      | Killed Prince Ribbit
  4471 | D:6      | Paralysed by Grinder for 7 turns
  4481 | D:6      | Killed Grinder
  4481 | D:6      | Reached XP level 9. HP: 26/51 MP: 5/18
  4640 | D:6      | Reached ** piety under Vehumet
  4643 | D:6      | Offered knowledge of Magic Dart by Vehumet.
  5043 | D:7      | Found a basalt altar of Yredelemnul.
  5232 | D:7      | Reached skill level 7 in Spellcasting
  5493 | D:7      | Noticed Pikel
  5493 | D:7      | Found a hide-covered altar of Uskayaw.
  5504 | D:7      | Killed Pikel
  5558 | D:7      | Offered knowledge of Searing Ray by Vehumet.
  5677 | D:7      | Noticed Dowan
  5684 | D:7      | Killed Dowan
  6190 | D:7      | Noticed Duvessa
  6194 | D:7      | Killed Duvessa
  6354 | D:4      | Got a brightly glowing dagger
  6355 | D:4      | Identified the +7 dagger "Rerchyuli" {pierce, rC+ Str-3 Dex+5} (You found it on level 4 of the Dungeon)
  6447 | D:8      | Learned a level 2 spell: Searing Ray
  6543 | D:8      | Found Izasav's Assorted Antiques.
  6600 | D:8      | Reached *** piety under Vehumet
  6646 | D:8      | Noticed a two-headed ogre
  6652 | D:8      | Killed a two-headed ogre
  6652 | D:8      | Reached skill level 8 in Spellcasting
  6652 | D:8      | Reached XP level 10. HP: 41/56 MP: 7/22
  6891 | D:8      | Gained mutation: You have a pair of small horns on your head. [mutagenic meat]
  6892 | D:8      | Gained mutation: You expend magic power (3 MP) to strengthen your wands. [mutagenic meat]
  6894 | D:8      | Lost mutation: You are weak. (Str -2) [mutagenic meat]
  6895 | D:8      | Gained mutation: Your natural rate of healing is unusually fast. [mutagenic meat]
  7134 | D:8      | Noticed a two-headed ogre
  7139 | D:8      | Killed a two-headed ogre
  7292 | D:9      | Lost mutation: You have a pair of small horns on your head. [mutagenic meat]
  7303 | D:9      | Gained mutation: Your spells are a little harder to cast, but a little more powerful. [mutagenic meat]
  7304 | D:9      | Gained mutation: You are dopey. (Int -2) [mutagenic meat]
  7361 | D:9      | Offered knowledge of Static Discharge by Vehumet.
  7526 | D:9      | Found an iron altar of Okawaru.
  7633 | D:9      | Reached skill level 9 in Spellcasting
  7758 | D:9      | Lost mutation: You are dopey. (Int -2) [mutagenic meat]
  7797 | D:9      | Gained mutation: You occasionally shout uncontrollably at your foes. [mutagenic meat]
  7798 | D:9      | Lost mutation: You are frail. (-10% HP) [mutagenic meat]
  8114 | D:10     | Entered Level 10 of the Dungeon
  8149 | D:10     | Noticed Gastronok
  8457 | D:10     | Reached **** piety under Vehumet
  8496 | D:10     | Offered knowledge of Ignite Poison by Vehumet.
  8677 | D:11     | Gained mutation: You have sharp fingernails. [demonic ancestry]
  8677 | D:11     | Reached XP level 11. HP: 68/68 MP: 10/24
  8890 | D:11     | Noticed Grum
  8893 | D:11     | Killed Grum
  8893 | D:11     | Reached skill level 10 in Conjurations
  9065 | D:11     | Got an ancient shortbow
  9066 | D:11     | Identified the +5 shortbow of the Nexus {freeze, rN+ Str+6} (You found it on level 11 of the Dungeon)
  9148 | D:11     | Noticed Erica
  9170 | D:11     | Killed Erica
  9233 | D:11     | Noticed TwoGrow's ghost (journeyman HOGl)
  9261 | D:11     | Noticed a brown ugly thing
  9283 | D:11     | Killed a brown ugly thing
  9343 | D:11     | Found a staircase to the Lair.
  9745 | D:11     | Killed TwoGrow's ghost
  9745 | D:11     | Reached skill level 10 in Fire Magic
  9977 | D:12     | Reached skill level 10 in Spellcasting
 10107 | D:12     | Noticed a four-headed hydra
 10108 | D:12     | Noticed a deep elf mage
 10285 | D:12     | Reached ***** piety under Vehumet
 10388 | D:12     | Offered knowledge of Bolt of Draining by Vehumet.
 10432 | D:12     | Noticed an eight-headed hydra
 11037 | D:10     | Found a staircase to the Orcish Mines.
 11082 | D:10     | Noticed a tengu warrior
 11094 | D:10     | Killed a tengu warrior
 11187 | D:10     | Killed Gastronok
 11187 | D:10     | Gained mutation: You have very sharp fingernails. [demonic ancestry]
 11187 | D:10     | Reached XP level 12. HP: 74/74 MP: 15/26
 11251 | Lair:1   | Entered Level 1 of the Lair of Beasts
 11667 | Lair:1   | Reached skill level 11 in Spellcasting
 11963 | Lair:2   | Found a sparkling altar of Nemelex Xobeh.
 12267 | Lair:2   | Noticed a six-headed hydra
 12269 | Lair:2   | Killed a six-headed hydra
 12301 | Lair:2   | Found a staircase to the Snake Pit.
 12339 | Lair:2   | Offered knowledge of Bolt of Magma by Vehumet.
 12511 | Lair:2   | Upgraded the game from 0.21-a0-361-g4efd3f9 to 0.21-a0-364-gbd1fde4
 13406 | Lair:4   | Noticed a seven-headed hydra
 13407 | Lair:4   | Killed a seven-headed hydra
 13444 | Lair:4   | Gained mutation: When seriously injured, your bleeding wounds create very thick armour. (AC +12) [demonic ancestry]
 13444 | Lair:4   | Reached XP level 13. HP: 68/79 MP: 3/28
 13629 | Lair:4   | Reached skill level 12 in Spellcasting
 13792 | Lair:4   | Found a labyrinth entrance.
 13802 | Lab      | Entered a labyrinth
 15001 | Lab      | Noticed a minotaur
 15010 | Lab      | Killed a minotaur
 15018 | Lab      | Identified the Compendium of Heat and Companions
 15018 | Lab      | Identified Suaseg's Collected Works on Attacks
 15019 | Lab      | Found the +8 demon blade "Leech" {vamp, rN+ AC-3 EV-3}
 15056 | Lab      | Got a twisted morningstar
 15058 | Lab      | Identified the +10 morningstar "Killer Klown's Foe" {crush, MR+} (You found it in a labyrinth)
 15511 | Lair:4   | Found a staircase to the Swamp.
 16162 | Lair:5   | Found a frozen archway.
 16199 | IceCv    | Entered an ice cave
 16666 | IceCv    | Learned a level 6 spell: Bolt of Fire
 16783 | IceCv    | Noticed a frost giant
 16785 | IceCv    | Offered knowledge of Iskenderun's Battlesphere by Vehumet.
 16788 | IceCv    | Killed a frost giant
 16788 | IceCv    | Reached skill level 13 in Spellcasting
 17084 | Lair:5   | Found a white marble altar of Elyvilon.
 17086 | Lair:5   | Gained mutation: You sometimes gain a little power by taking damage. [demonic ancestry]
 17086 | Lair:5   | Reached XP level 14. HP: 52/85 MP: 13/31
 17390 | Lair:6   | Entered Level 6 of the Lair of Beasts
 17739 | Lair:6   | Reached skill level 1 in Shields
 18288 | Lair:6   | Learned a level 4 spell: Iskenderun's Mystic Blast
 18556 | Lair:6   | Reached ****** piety under Vehumet
 18556 | Lair:6   | Reached skill level 5 in Shields
 18626 | Lair:6   | Found a viscous altar of Jiyva.
 18628 | Lair:6   | Found a staircase to the Slime Pits.
 19121 | Orc:1    | Entered Level 1 of the Orcish Mines
 19327 | Orc:2    | Entered Level 2 of the Orcish Mines
 19384 | Orc:2    | Offered knowledge of Bolt of Cold by Vehumet.
 19500 | Orc:2    | Found a dark tunnel.
 19509 | Volcano  | Entered a volcano
 19519 | Volcano  | Learned a level 6 spell: Bolt of Cold
 19541 | Volcano  | Gained mutation: You have claws for hands. [demonic ancestry]
 19541 | Volcano  | Reached XP level 15. HP: 85/90 MP: 9/32
 19589 | Volcano  | Reached skill level 1 in Ice Magic
 19599 | Volcano  | Reached skill level 14 in Spellcasting
 19981 | Orc:2    | Noticed blexxed's ghost (journeyman GnTm)
 19994 | Orc:2    | Killed blexxed's ghost
 20213 | Orc:2    | Noticed an orc warlord
 20213 | Orc:2    | Offered knowledge of Poison Arrow by Vehumet.
 20215 | Orc:2    | Killed an orc warlord
 20229 | Orc:2    | Paralysed by an orc sorcerer for 3 turns
 20411 | Orc:2    | Found a roughly hewn altar of Beogh.
 20415 | Orc:2    | Found Bafitt's Antique Weapon Shop.
 20549 | Orc:2    | Found a roughly hewn altar of Beogh.
 20565 | Orc:2    | Learned a level 6 spell: Poison Arrow
 20768 | Orc:2    | Reached skill level 5 in Ice Magic
 20779 | Orc:2    | Offered knowledge of Ozocubu's Refrigeration by Vehumet.
 20780 | Orc:2    | Noticed an orc warlord
 20823 | Orc:1    | Killed an orc warlord
 20920 | Orc:2    | Found Xyru Kikh's Antique Armour Emporium.
 20920 | Orc:2    | Found a roughly hewn altar of Beogh.
 20921 | Orc:2    | Found Ruwy Ah Xekk's Antique Weapon Shoppe.
 20953 | Orc:2    | Bought a pair of runed boots for 172 gold pieces
 21003 | Orc:2    | Found a roughly hewn altar of Beogh.
 21015 | Orc:2    | Found Girupuib's Assorted Antiques.
 21021 | Orc:2    | Bought a scroll of identify for 54 gold pieces
 21021 | Orc:2    | Bought 2 ruby potions for 48 gold pieces
 21021 | Orc:2    | Bought a purple potion for 24 gold pieces
 21021 | Orc:2    | Bought the +2 pair of boots of the Assassin {Detection Stab+ Stlth++} for 1620 gold pieces
 21021 | Orc:2    | Found the +2 pair of boots of the Assassin {Detection Stab+ Stlth++}
 21045 | Orc:2    | Found a staircase to the Elven Halls.
 21413 | D:5      | Bought a scroll of teleportation for 39 gold pieces
 21432 | D:5      | Reached skill level 5 in Fighting
 21432 | D:5      | Reached XP level 16. HP: 110/110 MP: 34/34
 21722 | Swamp:1  | Entered Level 1 of the Swamp
 23144 | Swamp:3  | Noticed a thorn hunter
 23146 | Swamp:3  | Killed a thorn hunter
 23375 | Swamp:3  | Reached skill level 15 in Spellcasting
 23604 | Swamp:3  | Gained mutation: You resist negative energy. (rN+) [demonic ancestry]
 23604 | Swamp:3  | Reached XP level 17. HP: 115/115 MP: 22/36
 23989 | Swamp:4  | Entered Level 4 of the Swamp
 23995 | Swamp:4  | Offered knowledge of Conjure Ball Lightning by Vehumet.
 24198 | Swamp:4  | Reached skill level 10 in Ice Magic
 24288 | Swamp:4  | Noticed grandjackal's ghost (adept DsGl)
 24406 | Swamp:4  | Killed from afar by grandjackal's ghost

Vault maps used:
D:1:      lightli_iron_boxes
D:2:      kennysheep_big_flooded_room, nicolae_overflow_crystal_walls,
          lemuel_doored_altar, minmay_lizard_king
D:3:      lemuel_round_altar, lemuel_round_altar, lemuel_crystal_altar,
          uniq_jessica
D:4:      nicolae_qazlal_general_emergency, nicolae_ru_awakened_eye,
          temple_hall, lightli_corner_chamber, uniq_sigmund
D:5:      fedhas_altar_1, serial_shops, nicolae_shop_statue_plus, shop, shop,
          shop, first_bread, uniq_eustachio
D:6:      serial_co_window_serial, co_window_cross_1, co_window_paths_a,
          co_window_paths_a, co_window_paths_b, co_window_paths_a,
          co_window_corner_a, co_window_paths_a, co_window_paths_b,
          co_window_corner_a, co_window_cross_2, co_window_unsneaky_path_c,
          co_window_cross_3, co_window_broadway_b, co_window_of_opportunity_b,
          co_window_cross_2, glass_columns_a, glass_columns_a, uniq_grinder,
          uniq_prince_ribbit1
D:7:      eat_drink_and_be_merry_uskayaw, basic_altar, uniq_pikel, uniq_duvessa
D:8:      serial_shops, shop
D:9:      okawaru_trees_2
D:10:     hiddenorc1_lemuel, grunt_tengu_nest, uniq_gastronok
D:11:     lair_entry_dummy, uniq_erica, uniq_grum
D:12:     regret_index_tunnel_blossom
Temple:   minmay_temple_bridge_abc
Lair:2:   minmay_snake_entry_six_corridors, basic_altar, st_stairs_7,
          grunt_megastairs_4
Lair:3:   serial_bayou_shore_a
Lair:4:   minmay_swamp_entry_worms, lab_entry_generic, lemuel_fruit_tree,
          minmay_lair_oklob_chamber, grunt_megastairs_1,
          infiniplex_staircase_pool
Lair:5:   portal_ice_cave_entry_animals_and_master, lemuel_oklob_altar
Lair:6:   minmay_lair_end_frog_pond, dpeg_slime_entry_enclosed_altar,
          st_stairs_5, nicolae_quartered_pool_super, bobbens_dragon_lair_wall
Swamp:1:  nicolae_swamp_triple_paths
Swamp:2:  nicolae_swamp_dense_foliage
Swamp:3:  hangedman_swamp_cone
Swamp:4:  swamp_basic_johnstein, swamp_pool1, infiniplex_staircase_pool_2
Orc:1:    basic_altar
Orc:2:    grunt_orc_community_town_hall, grunt_orc_community_big_house_1,
          grunt_orc_community_big_house_2, grunt_orc_community_house_2,
          grunt_orc_community_house_2, grunt_orc_community_house_2,
          grunt_orc_community_house_3, grunt_orc_community_house_3,
          lightli_volcano_entry_magma_tube, guppyfry_library_mini
Lab:      nicolae_lab_dead_end, labyrinth_lava_lair, lab_fountain
IceCv:    ice_cave_caverns_01
Volcano:  volcano_tomb

Skill      XL: |  1  2  3  4  5  6  7  8  9 10 11 12 13 14 15 16 17 |
---------------+----------------------------------------------------+-----
Fire Magic     | 3 4 5 6 8 9 10 11 13 14 | 14.0
Conjurations   | 2 3 4 5 6 8 9 11 12 13 14 | 14.3
Spellcasting   | 3 4 5 6 8 9 10 11 13 14 15 | 15.4
Shields        | 5 |  5.8
Ice Magic      | 5 9 10 | 10.5
Fighting       | 5 |  5.6
Dodging        | |  1.7
Stealth        | |  1.7

Action                   |  1- 3 |  4- 6 |  7- 9 | 10-12 | 13-15 | 16-18 || total
-------------------------+-------+-------+-------+-------+-------+-------++-------
Melee: Dagger            |    14 |       |    18 |   122 |     5 |       ||   159
       Unarmed           |     1 |       |       |       |       |       ||     1
       Whip              |    36 |    58 |   110 |       |       |       ||   204
       Kick              |       |       |    21 |    30 |    13 |       ||    64
       Headbutt          |       |       |       |     1 |       |       ||     1
       Staff             |       |       |       |       |    75 |     6 ||    81
 Cast: Flame Tongue      |    39 |    45 |   175 |   250 |    91 |       ||   600
       Sticky Flame      |       |     2 |    21 |    74 |    96 |    12 ||   205
       Fireball          |       |       |    16 |    99 |   245 |   153 ||   513
       Conjure Flame     |       |       |       |     3 |     1 |       ||     4
       Bolt of Fire      |       |       |       |       |    12 |     4 ||    16
       Iskenderun's Myst |       |       |       |       |     5 |     9 ||    14
       Poison Arrow      |       |       |       |       |     2 |       ||     2
Evoke: Wand              |       |       |       |       |     3 |       ||     3
  Use: Potion            |     1 |       |       |     2 |     1 |       ||     4
       Scroll            |       |       |     3 |    22 |    11 |     1 ||    37
 Stab: Sleeping          |     3 |     3 |       |       |       |       ||     6
       Distracted        |     1 |       |       |       |       |       ||     1
  Eat: Chunk             |     1 |     5 |    26 |    51 |    45 |    13 ||   141
       Royal jelly       |       |       |       |     2 |     1 |       ||     3
       Fruit             |       |       |       |     3 |    14 |    13 ||    30
Armor: Robe              |    10 |    25 |    42 |    54 |    62 |    13 ||   206
Dodge: Dodged            |    51 |    53 |   137 |   137 |   124 |    16 ||   518
Block: Buckler           |       |       |       |       |    52 |    13 ||    65

Table legend:
 A = Spawn XP
 B = Non-spawn XP
 C = Spawn XP percentage of total XP
 D = Spawn monster count
 E = Non-spawn monster count
 F = Spawn count percentage of total count
 G = Total turns spent on level
                    A         B        C        D         E        F      G
               +---------+---------+-------+---------+---------+-------+---------
         Total |       0 |  181579 |   0.0 |       0 |     902 |   0.0 | 24406
               +---------+---------+-------+---------+---------+-------+---------
           D:1 |       0 |      10 |   0.0 |       0 |       5 |   0.0 |   576
           D:2 |       0 |      58 |   0.0 |       0 |      30 |   0.0 |   663
           D:3 |       0 |     223 |   0.0 |       0 |      37 |   0.0 |   629
           D:4 |       0 |     427 |   0.0 |       0 |      10 |   0.0 |   924
           D:5 |       0 |     608 |   0.0 |       0 |      15 |   0.0 |   917
           D:6 |       0 |    1682 |   0.0 |       0 |      35 |   0.0 |  1675
           D:7 |       0 |    1972 |   0.0 |       0 |      36 |   0.0 |  1164
           D:8 |       0 |    2815 |   0.0 |       0 |      25 |   0.0 |   938
           D:9 |       0 |    1937 |   0.0 |       0 |      23 |   0.0 |   946
          D:10 |       0 |    3844 |   0.0 |       0 |      37 |   0.0 |  1130
          D:11 |       0 |    6228 |   0.0 |       0 |      31 |   0.0 |  1859
          D:12 |       0 |    2967 |   0.0 |       0 |      35 |   0.0 |   299
        Lair:1 |       0 |    3177 |   0.0 |       0 |      12 |   0.0 |   720
        Lair:2 |       0 |    8155 |   0.0 |       0 |      41 |   0.0 |   915
        Lair:3 |       0 |     996 |   0.0 |       0 |       5 |   0.0 |   631
        Lair:4 |       0 |   10843 |   0.0 |       0 |      37 |   0.0 |  1221
        Lair:5 |       0 |    5858 |   0.0 |       0 |      24 |   0.0 |   801
        Lair:6 |       0 |   34786 |   0.0 |       0 |     111 |   0.0 |  1487
       Swamp:1 |       0 |   13582 |   0.0 |       0 |      35 |   0.0 |   832
       Swamp:2 |       0 |    5845 |   0.0 |       0 |      23 |   0.0 |   748
       Swamp:3 |       0 |   22043 |   0.0 |       0 |      51 |   0.0 |  1018
       Swamp:4 |       0 |   17181 |   0.0 |       0 |      43 |   0.0 |    86
         Orc:1 |       0 |    1796 |   0.0 |       0 |       5 |   0.0 |   281
         Orc:2 |       0 |   14159 |   0.0 |       0 |     122 |   0.0 |  1418
           Lab |       0 |    1696 |   0.0 |       0 |       4 |   0.0 |  1303
         IceCv |       0 |   12641 |   0.0 |       0 |      50 |   0.0 |   806
       Volcano |       0 |    6050 |   0.0 |       0 |      20 |   0.0 |   377
               +---------+---------+-------+---------+---------+-------+---------
